 Dungeon Crawl Stone Soup version 0.31-a0-496-g6f97920a28 (webtiles) character file.

Game seed: 6794036874957297862

110453 experimilk the Brawler (level 16, -3/222 HPs)
             Began as a Troll Gladiator on Aug 8, 2023.
             Was a High Priest of Hepliaklqana.
             Slain by a naga warrior
             ... wielding a +0 glaive of venom
              (17 damage)
             ... on level 1 of the Snake Pit on Aug 9, 2023.
             The game lasted 01:45:32 (33257 turns).

experimilk the Brawler (Troll Gladiator)           Turns: 33257, Time: 01:45:33

Health: -3/222     AC:  7    Str: 32    XL:     16   Next: 7%
Magic:  0/21       EV: 11    Int:  4    God:    Hepliaklqana [*****.]
Gold:   1229       SH:  0    Dex: 11    Spells: 15/15 levels left

rFire   . .          .
                       - Unarmed
rCold   . . .        (no shield)
rNeg    . . .        V - +1 robe "Tuiwod" {rElec Slay+5}
rPois   +            d - +2 hat
rElec   +            B - scarf {repulsion}
rCorr   .            (gloves unavailable)
SInv    .            (boots unavailable)
Will    +....        q - amulet of guardian spirit Stlth
                     m - +4 ring of slaying
HPRegen 1.37/turn    Z - ring of poison resistance
MPRegen 0.17/turn

%: repel missiles, guardian spirit
@: mighty, berserking (expiring), lethally poisoned (-3 -> -22), very quick
A: reduced essence, large, unfitting armour, claws 3, regeneration 1, shaggy fur
1, tough skin 1
a: Renounce Religion, Recall Ancestor, Ancestor Identity, Transference, Idealise


You were on level 1 of the Snake Pit.
You worshipped Hepliaklqana.
Hepliaklqana was extremely pleased with you.
You visited 4 branches of the dungeon, and saw 23 of its levels.
You also visited: Bailey and Gauntlet.

You collected 2825 gold pieces.
You spent 1596 gold pieces at shops.

Inventory:

Missiles
 b - 9 poisoned darts
 c - 2 throwing nets
 u - 19 large rocks (quivered)
 y - a boomerang
 L - a curare-tipped dart
 X - 8 javelins
Armour
 d - a +2 hat (worn)
 B - a scarf of repulsion (worn)
 V - the +1 robe "Tuiwod" (worn) {rElec Slay+5}
   (You found it in a Gauntlet)

   Slay:      It affects your accuracy & damage with ranged weapons and melee
   (+5).
   rElec:     It insulates you from electricity.
Jewellery
 m - a +4 ring of slaying (left claw)
 q - an amulet of guardian spirit (around neck)
 E - the ring "Muveyxom" {rF+ Will+}
   (You took it off a centaur on level 13 of the Dungeon)

   [ring of protection from fire]

   rF:        It protects you from fire.
   Will:      It increases your willpower.
 R - a +6 ring of strength
 Z - a ring of poison resistance (right claw)
Wands
 t - a wand of mindburst (18)
 v - a wand of light (10)
 K - a wand of roots (15)
 O - a wand of digging (5)
Scrolls
 a - 2 scrolls of poison
 e - 2 scrolls of fog
 f - 8 scrolls of teleportation
 g - a scroll of amnesia
 n - 2 scrolls of silence
 p - 5 scrolls of blinking
 w - 5 scrolls of revelation
 H - a scroll of butterflies
 J - a scroll of fear
 P - 9 scrolls of identify
Potions
 i - a potion of berserk rage
 j - 5 potions of enlightenment
 r - 2 potions of attraction
 x - 8 potions of ambrosia
 A - 3 potions of haste
 C - 2 potions of heal wounds
 D - 7 potions of curing
 F - 7 potions of might
 U - 2 potions of cancellation
Miscellaneous
 l - a phantom mirror
 s - a lightning rod (4/4)
 N - a condenser vane
 Y - a phial of floods


   Skills:
 * Level 12.1 Fighting
 + Level 10.7 Throwing
 - Level 5.0 Armour
 - Level 5.0 Dodging
 - Level 20.0 Unarmed Combat
 * Level 8.4 Invocations


You had 15 spell levels left.
You didn't know any spells.
Your spell library contained the following spells:

 Spells                   Type           Power      Damage    Failure   Level
 Slow                     Hex            0%         N/A       50%         1
 Ensorcelled Hibernation  Hex/Ice        0%         N/A       65%         2
 Passwall                 Tmut/Erth      0%         N/A       65%         2
 Confusing Touch          Hex            0%         N/A       86%         3
 Hailstorm                Conj/Ice       0%         3d3       86%         3
 Summon Guardian Golem    Hex/Summ       0%         N/A       86%         3
 Swiftness                Air            0%         N/A       86%         3
 Vampiric Draining        Necr           0%         2d6       86%         3
 Volatile Blastmotes      Fire/Tloc      0%         2d10      86%         3
 Cause Fear               Hex            0%         N/A       99%         4
 Fulminant Prism          Conj/Hex       0%         3d5       99%         4
 Iskenderun's Mystic Bla  Conj/Tloc      0%         2d3       99%         4
 Summon Ice Beast         Ice/Summ       0%         N/A       99%         4
 Fireball                 Conj/Fire      0%         3d3       100%        5
 Simulacrum               Ice/Necr       0%         N/A       100%        6
 Haunt                    Necr/Summ      0%         N/A       100%        7
 Orb of Destruction       Conj           0%         9d5       100%        7
 Spellforged Servitor     Conj/Summ      0%         N/A       100%        7
 Borgnjor's Revivificati  Necr           0%         N/A       100%        8
 Death's Door             Necr           0%         N/A       100%        9
 Dragon's Call            Summ           0%         N/A       100%        9


Dungeon Overview and Level Annotations

Branches:
Dungeon (15/15)            Temple (0/1) D:7            Lair (5/5) D:10
 Shoals (0/4) Lair:2        Snake (1/4) Lair:2        Slime (0/5) Lair:4
    Orc (2/2) D:12            Elf (0/3) Orc:2        Vaults (0/5) D:14
 Depths (0/4) D:15         Bailey (visited)         Gauntlet (visited)

Altars:
Ashenzari
Dithmenos
Fedhas
Gozag
Hepliaklqana
Kikubaaqudgha
Nemelex Xobeh
Okawaru
Qazlal
Ru
Vehumet
Wu Jian
Xom
Yredelemnul
Zin
The Shining One
Jiyva
Lugonu

Shops:
D:1 :   D:2 =   Orc:2 (??:   Snake:1 ?[[

Portals:
Abyss: Lair:5

Annotations:
D:10 1 runed translucent door, liarliar's ghost, journeyman AtBe
Snake:1 1 transporter, exclusion: orange crystal statue


Innate Abilities, Weirdness & Mutations

Your life essence is reduced to manifest your ancestor. (-10% HP)
You are too large for most types of armour.
You have claws for hands.
Your natural rate of healing is unusually fast.
You are covered in fur. (AC +1)
You have tough skin. (AC +1)


Message History

The black mamba bites you.
* * * LOW HITPOINT WARNING * * *
The black mamba attacks as you move away!
The black mamba bites you!
* * * LOW HITPOINT WARNING * * *
You feel extremely sick. The mana viper closely misses you.
The orange crystal statue glitters.
The black mamba bites Namzu!
Namzu misses the black mamba.
The black mamba closely misses Namzu.
The naga sharpshooter casts a spell.
The naga sharpshooter magically shoots a bolt.
The bolt hits you!!
* * * LOW HITPOINT WARNING * * *
Namzu misses the black mamba.
You see here a shock serpent corpse.
The black mamba attacks as you move away!
The black mamba barely misses you.
You feel a strong urge to attack something.
* * * LOW HITPOINT WARNING * * *
You feel very sick.
The black mamba dissolves into shadows! x2
The black mamba barely misses the naga sharpshooter.
Namzu points at the black mamba and mumbles some strange words.
The black mamba suddenly stops moving!
You claw the naga sharpshooter!
The naga sharpshooter is lightly wounded.
* * * LOW HITPOINT WARNING * * *
You feel very sick. The black mamba barely misses you.
The naga sharpshooter mumbles some strange words.
Unknown command.
You mangle the naga sharpshooter!!
The naga sharpshooter is heavily wounded.
* * * LOW HITPOINT WARNING * * *
You feel very sick.
The black mamba bites the black mamba.
Namzu hits the black mamba with a +0 dagger of draining!
The naga warrior hits you with a +0 glaive of venom!!
You die...

###
#.....#########........##
#....##8.:©)?8##.......##
###..#...[..$..#....##...
#...#..#...#..#..#..#...
#...#.#..N..#.#..##.....
#...#...N8....#..###....
#...#.#..R..#.#..# #####
##...#..#SSN#..#..# #
#....#.N@S†....#..#
#....##8SN...8##..#
#.....#########...#
#.........©.......#
#....##...........#
##....##..........##
#..#).............#
########.)..##......######
...........###......#


You could see the friendly Namzu the hexer, 2 naga warriors, a naga
sharpshooter, an orange crystal statue, a mana viper, 3 black mambas and 2
nagas.

Vanquished Creatures
  Gastronok (Lair:2)
  The ghost of Faxuebb the Slicer, a journeyman GnCj of Vehumet (D:13)
  A quicksilver ooze (Gauntlet)
  The ghost of Etoax the Protected, a journeyman GrFi of Okawaru (Orc:1)
  A minotaur (Gauntlet)
  A fire dragon (D:14)
  An ettin (D:15)
  2 merfolk impalers (D:12)
  The ghost of Newt the Spear-Bearer, a journeyman MfGl of Hepliaklqana (D:12)
  Snorg (Lair:5)
  Erolcha (Orc:2)
  2 hydras
  A catoblepas (Lair:4)
  A two-headed ogre (D:11)
  4 boulder beetles
  3 centaur warriors
  3 anacondas (Snake:1)
  7 tengu warriors
  2 thrashing horrors (Lair:5)
  3 naga warriors (Snake:1)
  4 death yaks
  2 shock serpents (Snake:1)
  An orc high priest (Orc:2)
  5 naga sharpshooters (Snake:1)
  Nergalle (D:10)
  A skyshark (Lair:4)
  A fire crab (D:14)
  2 deep trolls (D:15)
  A sea snake (Snake:1)
  A deep elf archer (D:12)
  A wizard (D:15)
  A harpy (shapeshifter) (Lair:5)
  2 lindwurms
  A naga ritualist (Snake:1)
  A necromancer (D:15)
  2 large abominations
  5 harpies (D:15)
  9 orc sorcerers
  2 orc knights
  3 deep elf pyromancers
  7 ugly things
  4 cyclopes
  5 manticores
  An oklob plant (Lair:4)
  A centaur zombie (D:10)
  A smoke demon (Lair:5)
  5 elephants
  A torpor snail (Lair:5)
  5 black mambas
  A centaur skeleton (D:10)
  A guardian serpent (Snake:1)
  5 cane toads
  2 gargoyles
  3 rime drakes
  An efreet (D:11)
  An unseen horror (D:11)
  12 komodo dragons
  A yaktaur (D:11)
  3 hellwings (D:10)
  5 trolls
  A hornet (Gauntlet)
  A queen bee (D:10)
  35 blink frogs
  A polar bear (Lair:4)
  A harpy skeleton (D:10)
  A raiju (Lair:5)
  2 dream sheep (D:7)
  A snapping turtle (Lair:2)
  A culicivora (shapeshifter) (D:14)
  A ynoxinul (Lair:5)
  3 centaur simulacra (Gauntlet)
  A spriggan (Lair:5)
  2 shadows
  2 vampires
  15 small abominations
  A hog (Lair:4)
  5 wyverns
  11 basilisks
  20 yaks
  A fire bat (Gauntlet)
  4 steam dragons
  A vampire mosquito (D:11)
  3 chaos spawn (Lair:5)
  Menkaure (D:4)
  9 nagas (Snake:1)
  A warg (Orc:1)
  7 water moccasins
  Duvessa (D:4)
  3 acid dragons (D:11)
  2 hell hounds
  An ice beast (D:5)
  A hornet zombie (D:10)
  4 black bears
  4 ogres
  17 orc warriors
  A sky beast (D:6)
  3 wolves (Lair:5)
  4 phantoms
  10 centaurs
  2 kobold brigands
  Blork the orc (D:4)
  8 bullfrogs
  A gnoll sergeant (D:10)
  A wyvern zombie (D:8)
  4 scorpions (D:5)
  10 wights
  Dowan (D:4)
  28 killer bees
  3 vampire bats (D:7)
  4 howler monkeys
  3 electric eels (Snake:1)
  A wyvern simulacrum (Gauntlet)
  A hound (D:4)
  A gnoll bouda (D:9)
  12 orc priests
  2 iguanas
  3 hexers
  35 orc wizards
  7 hell rats
  A killer bee zombie (D:8)
  4 gnolls
  7 river rats (D:8)
  9 adders
  A shadow imp (D:8)
  2 white imps
  4 ufetubi
  2 worms
  2 dart slugs
  72 orcs
  9 bats
  4 bat skeletons (D:7)
  A bat zombie (D:7)
  11 endoplasms
  6 giant cockroaches
  2 hobgoblins
  10 kobolds
  6 quokkas
  4 ball pythons
  6 frilled lizards
  11 goblins
  28 rats
  A spectral hobgoblin (D:3)
663 creatures vanquished.

Vanquished Creatures (collateral kills)
  Kirke (Lair:4)
  2 hydras (Lair:4)
  A two-headed ogre (D:13)
  An anaconda (Snake:1)
  6 death yaks
  A thrashing horror (Lair:5)
  A naga sharpshooter (Snake:1)
  A swamp dragon (shapeshifter) (D:11)
  A deep elf pyromancer (D:14)
  An orc knight (Orc:2)
  A wolf spider zombie (D:10)
  An ugly thing (D:15)
  An orc sorcerer (Orc:2)
  An elephant (Lair:3)
  A smoke demon (Lair:5)
  A black mamba (Lair:5)
  A centaur skeleton (D:10)
  A komodo dragon (Lair:3)
  2 rime drakes
  A troll (D:12)
  2 hornets (Gauntlet)
  3 blink frogs
  A wyvern (Lair:4)
  A yak (D:11)
  2 basilisks
  3 fire bats (Gauntlet)
  A naga (Snake:1)
  2 water moccasins
  6 orc warriors
  4 centaurs
  2 bullfrogs
  A kobold brigand (D:9)
  5 wights
  6 killer bees (D:10)
  An electric eel (Snake:1)
  2 jellies
  A gnoll bouda (D:7)
  2 orc priests
  2 hounds (D:6)
  A hell rat (Lair:4)
  7 orc wizards
  A river rat (D:8)
  16 orcs
  A bat zombie (D:7)
  An endoplasm (Lair:4)
  2 kobolds
  3 quokkas (D:8)
  3 rats
109 creatures vanquished.

Vanquished Creatures (others)
  A manticore (D:11)
  A human (Lair:4)
  A killer bee (D:10)
  2 orc wizards
  2 hell rats (Lair:4)
  22 hexers
29 creatures vanquished.

Grand Total: 801 creatures vanquished

Notes
Turn   | Place    | Note
-------+----------+-------------------------------------------
     0 | D:1      | experimilk the Troll Gladiator began the quest for the Orb.
     0 | D:1      | Reached XP level 1. HP: 19/19 MP: 0/0
    87 | D:1      | Found Iklofiec's Book Emporium.
   236 | D:1      | Reached XP level 2. HP: 27/27 MP: 1/1
   408 | D:1      | Reached skill level 4 in Unarmed Combat
   839 | D:2      | Reached XP level 3. HP: 33/33 MP: 2/2
  1007 | D:2      | Found Bucs's Jewellery Shop.
  1288 | D:2      | Reached skill level 5 in Unarmed Combat
  1288 | D:2      | Reached XP level 4. HP: 39/41 MP: 3/3
  1367 | D:3      | Found a stormy altar of Qazlal.
  1498 | D:3      | Found a hazy altar of Hepliaklqana.
  1725 | D:3      | Found a glowing silver altar of Zin.
  1841 | D:3      | Found a faded altar of an unknown god.
  1845 | D:3      | Found a sparkling altar of Nemelex Xobeh.
  1908 | D:3      | Became a worshipper of Hepliaklqana the Forgotten
  1951 | D:4      | Noticed Blork the orc
  1956 | D:4      | Killed Blork the orc
  1957 | D:4      | Reached skill level 6 in Unarmed Combat
  1957 | D:4      | Reached XP level 5. HP: 32/48 MP: 4/4
  2419 | D:4      | Noticed Menkaure
  2446 | D:4      | Killed Menkaure
  2447 | D:4      | Reached skill level 7 in Unarmed Combat
  2447 | D:4      | Reached XP level 6. HP: 48/55 MP: 5/5
  2458 | D:4      | Noticed Duvessa
  2459 | D:4      | Noticed Dowan
  2474 | D:4      | Killed Duvessa
  2724 | D:4      | Killed Dowan
  2725 | D:4      | Reached skill level 8 in Unarmed Combat
  2782 | D:4      | Reached XP level 7. HP: 62/62 MP: 6/6
  3268 | D:5      | Entered Level 5 of the Dungeon
  3335 | D:3      | Reached skill level 9 in Unarmed Combat
  3908 | D:5      | Reached skill level 10 in Unarmed Combat
  3908 | D:5      | Reached XP level 8. HP: 46/70 MP: 7/7
  4189 | D:6      | Reached * piety under Hepliaklqana
  4208 | D:6      | Found a shimmering altar of Xom.
  4644 | D:6      | Reached skill level 5 in Throwing
  4684 | D:6      | Found a shadowy altar of Dithmenos.
  4879 | D:6      | Found an opulent altar of Gozag.
  5366 | D:7      | Reached XP level 9. HP: 62/68 MP: 8/8
  5529 | D:7      | Reached ** piety under Hepliaklqana
  5530 | D:7      | Remembered your ancestor Namzu as a hexer
  6246 | D:7      | Found a staircase to the Ecumenical Temple.
  6801 | D:7      | Found an ancient bone altar of Kikubaaqudgha.
  7045 | D:8      | Reached skill level 10 in Throwing
  7505 | D:8      | Found a flagged portal.
  7533 | D:8      | Reached *** piety under Hepliaklqana
  7551 | Bailey   | Entered a bailey
  7759 | Bailey   | Reached XP level 10. HP: 71/79 MP: 9/9
  7815 | Bailey   | Noticed an orc knight
  7830 | Bailey   | Found a large runed translucent door.
  7830 | Bailey   | Found a large runed translucent door.
  7831 | Bailey   | Killed an orc knight
  7892 | Bailey   | Noticed a deep elf pyromancer
  8058 | Bailey   | Killed a deep elf pyromancer
  8077 | Bailey   | Identified the +1 ring mail of Rotation {+Blink rN+ Int+4
                  | Stlth+}
  8080 | Bailey   | Identified the ring of Azeidi Into {*Slow rN++ Int+4 SInv}
  8297 | D:8      | Found a basalt altar of Yredelemnul.
  8425 | D:8      | Reached skill level 5 in Fighting
  9103 | D:9      | Found a sacrificial altar of Ru.
  9113 | D:9      | Identified the +12 trident "Undertaker" {flame, rN+ Stlth+}
  9778 | D:10     | Entered Level 10 of the Dungeon
  9988 | D:10     | Found a glowing golden altar of the Shining One.
  9990 | D:10     | Found a blossoming altar of Fedhas.
 10113 | D:10     | Reached XP level 11. HP: 81/99 MP: 10/10
 10179 | D:10     | Found a runed translucent door.
 10179 | D:10     | Noticed liarliar's ghost (journeyman AtBe)
 10406 | D:10     | Noticed a death yak
 10475 | D:10     | Killed a death yak
 10767 | D:10     | Found the +4 Cigotuvi's embrace {Corpsefed rMiasma Drain
                  | rN+}
 11001 | D:10     | Reached skill level 10 in Fighting
 11139 | D:10     | Found a staircase to the Lair.
 11142 | D:10     | Noticed a death yak
 11146 | D:10     | Noticed a death yak
 11156 | D:10     | Killed a death yak
 11162 | D:10     | Killed a death yak
 11211 | D:10     | Reached skill level 11 in Unarmed Combat
 11921 | D:10     | Noticed Nergalle
 12386 | D:10     | Killed Nergalle
 12414 | D:10     | Reached skill level 12 in Unarmed Combat
 12458 | D:10     | Found a broken altar of Ashenzari.
 12458 | D:10     | Found an ornate altar of the Wu Jian Council.
 12459 | D:10     | Found a radiant altar of Vehumet.
 12665 | Lair:1   | Entered Level 1 of the Lair of Beasts
 12696 | Lair:1   | Reached **** piety under Hepliaklqana
 12852 | Lair:1   | Reached XP level 12. HP: 113/113 MP: 11/11
 12862 | Lair:1   | Found a gate leading to a gauntlet.
 12871 | Gauntlet | Entered a Gauntlet
 12871 | Gauntlet | Found a transporter.
 12874 | Gauntlet | Found a transporter.
 12878 | Gauntlet | Found a transporter.
 12887 | Gauntlet | Found a transporter.
 12890 | Gauntlet | Found a transporter.
 12898 | Gauntlet | Found a transporter.
 12902 | Gauntlet | Found a transporter.
 12910 | Gauntlet | Found a transporter.
 12915 | Gauntlet | Found a transporter.
 12918 | Gauntlet | Noticed a quicksilver ooze
 12920 | Gauntlet | Found a runed translucent gate.
 12922 | Gauntlet | Found a transporter.
 12923 | Gauntlet | Found a runed translucent gate.
 12924 | Gauntlet | Found a runed translucent gate.
 12947 | Gauntlet | Found a transporter.
 12959 | Gauntlet | Found a transporter.
 12971 | Gauntlet | Found a transporter.
 12983 | Gauntlet | Found a transporter.
 13269 | Gauntlet | Reached skill level 1 in Invocations
 13595 | Gauntlet | Identified the +1 robe "Tuiwod" {rElec Slay+5}
 13622 | Gauntlet | Reached skill level 13 in Unarmed Combat
 13629 | Gauntlet | Identified the ring "Locaptuj" {*Slow rC++ rN+ Will+ EV+5}
 13862 | Gauntlet | Killed a quicksilver ooze
 13864 | Gauntlet | Identified the ring of Intercession {*Corrode rElec Dex+3
                  | SInv}
 14061 | Gauntlet | Identified the +5 orcbow "Hyfodej" {heavy, +Blink Int+3}
 14061 | Gauntlet | Identified the +8 plate armour of the Tomato {Rampage MP+9
                  | Str-3 Int+3}
 14061 | Gauntlet | Noticed a minotaur
 14068 | Gauntlet | Identified the +2 cloak of Infinity {rC- rN+ Dex+3}
 14074 | Gauntlet | Killed a minotaur
 14593 | Lair:1   | Reached skill level 14 in Unarmed Combat
 15047 | Lair:2   | Found a staircase to the Snake Pit.
 15069 | Lair:2   | Noticed a death yak
 15069 | Lair:2   | Noticed a death yak
 15092 | Lair:2   | Noticed a death yak
 15094 | Lair:2   | Noticed a death yak
 15103 | Lair:2   | Noticed a death yak
 15118 | Lair:2   | Killed a death yak
 15120 | Lair:2   | Noticed a death yak
 15122 | Lair:2   | Killed a death yak
 15127 | Lair:2   | Killed a death yak
 15128 | Lair:2   | Killed a death yak
 15133 | Lair:2   | Killed a death yak
 15134 | Lair:2   | Reached skill level 5 in Invocations
 15136 | Lair:2   | Killed a death yak
 15214 | Lair:2   | Reached skill level 15 in Unarmed Combat
 15214 | Lair:2   | Reached XP level 13. HP: 107/119 MP: 15/15
 15307 | Lair:2   | Reached skill level 1 in Armour
 15463 | Lair:2   | Noticed Gastronok
 15473 | Lair:2   | Killed Gastronok
 15858 | Lair:2   | Found a staircase to the Shoals.
 16325 | Lair:3   | Reached ***** piety under Hepliaklqana
 16439 | Lair:3   | Reached skill level 5 in Armour
 16762 | Lair:3   | Reached skill level 5 in Dodging
 18669 | Lair:4   | Noticed Kirke
 18680 | Lair:4   | Killed Kirke
 18681 | Lair:4   | Reached skill level 16 in Unarmed Combat
 19084 | Lair:4   | Found a staircase to the Slime Pits.
 19084 | Lair:4   | Found a viscous altar of Jiyva.
 19705 | Lair:4   | Identified the +7 steam dragon scales of the Sun {-Tele rC-
                  | Int+7}
 19898 | Lair:5   | Entered Level 5 of the Lair of Beasts
 20062 | Lair:5   | Reached XP level 14. HP: 115/128 MP: 16/16
 20578 | D:2      | Bought a +4 ring of slaying for 936 gold pieces
 20997 | Lair:5   | Identified the +2 leather armour of the Game Afoot {rElec}
 21008 | Lair:5   | Reached skill level 17 in Unarmed Combat
 21571 | Lair:5   | Noticed Snorg
 21581 | Lair:5   | Killed Snorg
 22511 | Lair:5   | Reached skill level 18 in Unarmed Combat
 22755 | Lair:5   | Found a corrupted altar of Lugonu.
 22755 | Lair:5   | Found a one-way gate to the infinite horrors of the Abyss.
 23573 | D:11     | Identified the staff "Packemuk" {Will+ Earth}
 24402 | D:11     | Reached skill level 19 in Unarmed Combat
 24664 | D:12     | Found a staircase to the Orcish Mines.
 24821 | D:12     | Found a runed translucent gate.
 24822 | D:12     | Found a runed translucent gate.
 24823 | D:12     | Found a runed translucent gate.
 24824 | D:12     | Noticed Newt's ghost (journeyman MfGl)
 24826 | D:12     | Found an iron altar of Okawaru.
 25540 | Orc:1    | Entered Level 1 of the Orcish Mines
 25588 | Orc:1    | Reached ****** piety under Hepliaklqana
 25598 | Orc:1    | Found a large runed translucent door.
 25598 | Orc:1    | Found a large runed translucent door.
 25766 | Orc:1    | Noticed Etoax's ghost (journeyman GrFi)
 25812 | Orc:1    | Killed Etoax's ghost
 25894 | Orc:2    | Entered Level 2 of the Orcish Mines
 26021 | Orc:2    | Found a staircase to the Elven Halls.
 26351 | Orc:1    | Reached XP level 15. HP: 134/134 MP: 17/17
 27039 | Orc:2    | Found an ancient bone altar of Kikubaaqudgha.
 27050 | Orc:2    | Reached skill level 20 in Unarmed Combat
 27062 | Orc:2    | Found Livviadgh's Book Shoppe.
 27151 | Orc:2    | Found a radiant altar of Vehumet.
 27151 | Orc:2    | Noticed Erolcha
 27160 | Orc:2    | Killed Erolcha
 27339 | Orc:2    | Paralysed by an orc sorcerer for 3 turns
 27343 | Orc:2    | Found Nubiat's Magic Scroll Emporium.
 27346 | Orc:2    | Paralysed by an orc sorcerer for 2 turns
 27425 | Orc:2    | Found Uxzi's Magic Scroll Shoppe.
 27433 | Orc:2    | Found Mezaruj's Antique Weapon Shoppe.
 27435 | Orc:2    | Bought a scroll of blinking for 112 gold pieces
 27435 | Orc:2    | Bought a scroll of teleportation for 45 gold pieces
 28097 | D:13     | Identified the +2 rapier "Ysu Loth" {elec, Str+4}
 28215 | D:13     | Identified the ring "Muveyxom" {rF+ Will+}
 28308 | D:13     | Found a runed translucent gate.
 28308 | D:13     | Found a runed translucent gate.
 28308 | D:13     | Found a runed translucent gate.
 28308 | D:13     | Noticed Faxuebb's ghost (journeyman GnCj)
 28309 | D:13     | Found the +2 cloak of the Thief {*Fog Slay-2 SInv Stlth+}
 28461 | D:13     | Killed Faxuebb's ghost
 28543 | D:12     | Killed Newt's ghost
 29328 | D:14     | Identified the +2 falchion of Youthful Indiscretion {flame,
                  | +Blink}
 29720 | D:14     | Found a gate to the Vaults.
 29849 | D:15     | Entered Level 15 of the Dungeon
 30578 | D:15     | Found a staircase to the Depths.
 31298 | D:2      | Bought a ring of poison resistance for 240 gold pieces
 31563 | Snake:1  | Entered Level 1 of the Snake Pit
 32160 | Snake:1  | Found Kucahuff's Magic Scroll Emporium.
 32167 | Snake:1  | Found Noqadygi's Armour Shoppe.
 32168 | Snake:1  | Found Faacotuu's Antique Armour Emporium.
 32560 | Snake:1  | Bought a scroll of fog for 68 gold pieces
 32560 | Snake:1  | Bought a scroll of blinking for 127 gold pieces
 32560 | Snake:1  | Bought a scroll of poison for 68 gold pieces
 32605 | Snake:1  | Reached XP level 16. HP: 96/148 MP: 21/21
 32836 | Snake:1  | Found a transporter.
 32911 | Snake:1  | Found a transporter.
 33257 | Snake:1  | Slain by a naga warrior

Illustrated notes

Levels and vault maps discovered:
D:1:      eino_arrival_cavern_b, layout_loops_ring, serial_shops, shop,
          minmay_misc_feat_plants, corexii_item_surrounded_by_moat
D:2:      layout_basic, serial_shops, nicolae_diamond_shop
D:3:      layout_rooms, amcnicky_altar_gilded, mainiacjoe_overflow_alcove_1,
          nicolae_overflow_ecumenical_swirl,
          nicolae_hepliaklqana_monster_ancestors
D:4:      layout_rooms, st_stairs_5, uniq_menkaure, uniq_duvessa,
          uniq_blork_the_orc
D:5:      layout_basic
D:6:      layout_rooms, grunt_dithmenos_smoke_and_mirrors,
          mainiacjoe_overflow_small_starburst, grunt_gozag_statues
D:7:      layout_layer_cave, kennysheep_vampire_church,
          minmay_temple_entry_large_hall, dreamdust_gnoll_shepherd
D:8:      lemuel_ratsnest, layout_loops_cross, lemuel_zombie_altar_yredelemnul,
          enter_bailey_2
D:9:      kennysheep_ambush_hall, layout_basic, nicolae_ru_sacrificial_ziggurat,
          kennysheep_decorative_pillar, palyth_stone_intersect
D:10:     layout_loops_corners, nicolae_overflow_hidden_temple,
          dpeg_lair_monsters, hellmonk_ghost_happy_afterlife, special_room
          [special_room_bee], hellmonk_guarded_unrand_cigotuvi, uniq_nergalle
D:11:     cheibrodos_steamvent, layout_basic, minmay_pinched_square
D:12:     layout_long_grid, orc_david_3, gammafunk_ghost_fury_of_okawaru
D:13:     layout_rooms, ebering_ghost_rock_garden,
          nicolae_concentric_dashed_squares_wild
D:14:     layout_rooms, hellmonk_vaults_attempted_burglary,
          reono_crystal_passage
D:15:     hangedman_depths_entry_civil_slaughter, layout_loops_corners,
          nrook_loot_triangle, nicolae_figureground_sparkle
Lair:1:   layout_concentric_octagons, gauntlet_entry_generic
Lair:2:   layout_cave_shapes, minmay_shoals_entry_hut, dummy_snake_entry,
          uniq_gastronok
Lair:3:   layout_roguey, st_stairs_4
Lair:4:   layout_small_grid, nicolae_slime_entry_slimehenge, special_room
          [special_room_mythical_zoo], minmay_lair_oklob_items, st_stairs_10,
          serial_bayou_pond_d, uniq_kirke
Lair:5:   hellmonk_lair_end_abyssal_woods, layout_regular_city, uniq_snorg
Snake:1:  gammafunk_sealed_arena, layout_misc_corridors, serial_bayou_shore_a,
          minmay_shop_star
Orc:1:    layout_caves, ebering_ghost_disaster_area
Orc:2:    kennysheep_orc_mage_school, layout_caves, basic_altar

Skill      XL: |  1  2  3  4  5  6  7  8  9 10 11 12 13 14 15 |
---------------+----------------------------------------------+-----
Unarmed Combat | 4 5 6 7 8 10 12 15 16 19 20 | 20.0
Throwing       | 2 6 10 | 10.7
Fighting       | 2 8 10 12 | 12.1
Invocations    | 5 8 |  8.4
Armour         | 5 |  5.0
Dodging        | 5 |  5.0

Action                     |  1- 3 |  4- 6 |  7- 9 | 10-12 | 13-15 | 16-18 || total
---------------------------+-------+-------+-------+-------+-------+-------++-------
  Melee: Unarmed           |    85 |    99 |   277 |   273 |   569 |     9 ||  1312
         Punch             |     1 |     1 |     6 |    18 |    50 |       ||    76
  Throw: Large rock        |       |     2 |       |     3 |    81 |     9 ||    95
         Throwing net      |       |     1 |       |     1 |       |       ||     2
         Dart              |       |     4 |    56 |    88 |    62 |       ||   210
         Boomerang         |       |       |    10 |   169 |   154 |       ||   333
         Javelin           |       |       |       |     4 |     8 |       ||    12
 Invoke: Recall Ancestor   |       |       |     1 |     2 |     2 |       ||     5
         Ancestor Life: He |       |       |     1 |       |       |       ||     1
         Transference      |       |       |       |     2 |    10 |       ||    12
         Idealise          |       |       |       |     2 |     1 |       ||     3
  Evoke: Wand              |       |       |     4 |     1 |     2 |       ||     7
         Condenser vane    |       |       |       |     2 |     1 |       ||     3
         Box of beasts     |       |       |       |     1 |     2 |       ||     3
         Phial of floods   |       |       |       |     1 |     2 |       ||     3
         Lightning rod     |       |       |       |       |     1 |       ||     1
    Use: Scroll            |       |       |    15 |    13 |     8 |       ||    36
         Potion            |       |       |     5 |     5 |     5 |     2 ||    17
   Stab: Sleeping          |     1 |       |       |       |       |       ||     1
         Distracted        |       |       |     2 |     5 |    11 |       ||    18
         Confused          |       |       |     4 |     4 |     8 |       ||    16
         Held in net/web   |       |       |       |     2 |       |       ||     2
         Paralysed         |       |       |       |       |     9 |     2 ||    11
 Armour: Robe              |    37 |    34 |   108 |    87 |   113 |     2 ||   381
         Skin              |       |       |     6 |       |       |       ||     6
         Troll leather arm |       |       |       |       |     1 |       ||     1
  Dodge: Dodged            |    34 |    41 |   160 |   149 |   262 |    14 ||   660
         Repelled          |       |       |       |       |    13 |     5 ||    18

Table legend: (Time is in decaauts)
 A = Elapsed time spent in this place.
 B = Non-inter-level travel time spent in this place.
 C = Inter-level travel time spent in this place.
 D = Time resting spent in this place.
 E = Time spent auto-exploring this place.
 F = Levels seen in this place.
 G = Mean time per level.
                   A        B        C        D        E       F      G
               +--------+--------+--------+--------+--------+-----+--------+
         Total |  32896 |  30203 |   2693 |  11568 |  11133 |  25 | 1315.8 |
       Dungeon |  18652 |  16829 |   1823 |   5430 |   8083 |  15 | 1243.5 |
          Lair |   8618 |   7893 |    725 |   3463 |   2086 |   5 | 1723.6 |
     Snake Pit |   1591 |   1483 |    108 |    839 |    371 |   1 | 1591.0 |
  Orcish Mines |   2091 |   2055 |     36 |    496 |    562 |   2 | 1045.5 |
        Bailey |    694 |    694 |      0 |    457 |     31 |   1 |  694.0 |
      Gauntlet |   1247 |   1247 |      0 |    881 |      0 |   1 | 1247.0 |
               +--------+--------+--------+--------+--------+-----+--------+

Top non-repeatable levels by time:
    D:10: 3148 daAuts
  Lair:5: 2355 daAuts
  Lair:3: 2215 daAuts
  Lair:4: 1652 daAuts
 Snake:1: 1591 daAuts
     D:7: 1576 daAuts
    D:12: 1444 daAuts
     D:9: 1397 daAuts
     D:8: 1397 daAuts
     D:3: 1365 daAuts
  Lair:2: 1337 daAuts
    D:11: 1334 daAuts
Gauntlet: 1247 daAuts
   Orc:2: 1231 daAuts
    D:15: 1179 daAuts
